 Dungeon Crawl Stone Soup version 0.25-a0-670-g50981ef59b (webtiles) character file.

Game seed: 4587531817946175048, levelgen mode: deterministic

21 Error4North the Magician (level 2, -3/20 HPs)
             Began as a Draconian Wizard on Mar 29, 2020.
             Slain by a hobgoblin
             ... wielding a +0 club
              (6 damage)
             ... on level 1 of the Dungeon.
             The game lasted 00:07:33 (1393 turns).

Error4North the Magician (Draconian Wizard)         Turns: 1393, Time: 00:07:34

Health: -3/20      AC:  4    Str:  9    XL:     2   Next: 62%
Magic:  2/6        EV: 12    Int: 18    God:
Gold:   14         SH:  0    Dex:  9    Spells: 0/7 levels left

rFire    . . .     SeeInvis .   (no weapon)
rCold    . . .     Gourm    .   (no shield)
rNeg     . . .     Faith    .   (armour unavailable)
rPois    .         Spirit   .   a - +0 hat
rElec    .         Reflect  .   (no cloak)
rCorr    .         Harm     .   (no gloves)
MR       .....                  (no boots)
Stlth    ++........             (no amulet)
HPRegen  0.06/turn              (no ring)
MPRegen  0.10/turn              (no ring)

@: very slightly contaminated
A: unfitting armour, cold-blooded, AC +4
a: no special abilities


You were on level 1 of the Dungeon.
You were hungry.

You visited 1 branch of the dungeon, and saw 2 of its levels.

You collected 14 gold pieces.

Inventory:

Missiles
 d - 48 stones (quivered)
Armour
 a - a +0 hat (worn)
Scrolls
 b - a scroll of magic mapping {unknown}
 e - a scroll of fear {unknown}
 g - a scroll of amnesia {unknown}
 i - 2 scrolls of enchant weapon {unknown}
 j - 2 scrolls of remove curse {unknown}
 k - 2 scrolls of identify {unknown}
Potions
 f - a potion of haste {unknown}
 h - a potion of lignification {unknown}
 l - a potion of resistance
Comestibles
 c - 3 rations


   Skills:
 * Level 1.9 Dodging
 * Level 1.8 Stealth
 * Level 0.5 Unarmed Combat
 * Level 3.4 Spellcasting
 * Level 1.4 Conjurations
 * Level 1.0 Summonings
 * Level 1.0 Translocations


You couldn't memorise any spells.
You knew the following spells:

 Your Spells              Type           Power        Failure   Level  Hunger
a - Magic Dart            Conj           #...         9%          1    None
b - Blink                 Tloc           N/A          16%         2    ##.....
c - Call Imp              Summ           #.......     16%         2    ##.....
d - Slow                  Hex            #.......     22%         2    ##.....

Your spell library contained the following spells:

 Spells                   Type           Power        Failure   Level  Hunger
 Conjure Flame            Conj/Fire      #.......     34%         3    ###....
 Mephitic Cloud           Conj/Pois/Air  #.......     36%         3    ###....


Dungeon Overview and Level Annotations

Branches:
Dungeon (2/15)

Altars:


Innate Abilities, Weirdness & Mutations

Your plain brown scales are hard. (AC +4)
You cannot fit into any form of body armour.
You are cold-blooded and may be slowed by cold attacks.


Message History

A hobgoblin comes into view. It is wielding a +0 club.
The hobgoblin hits you but does no damage.
The hobgoblin shouts!
You hit the hobgoblin but do no damage.
Your tail-slap misses the hobgoblin.
The hobgoblin is moderately wounded.
The hobgoblin hits you with a +0 club.
* * * LOW HITPOINT WARNING * * *
There is a stone staircase leading up here.
The hobgoblin hits you with a +0 club.
* * * LOW HITPOINT WARNING * * *
You climb upwards.
There is a stone staircase leading down here.
You can't go up here!
Casting: Call Imp (safe; 16% risk of failure)
Confirm with . or Enter, or press ? or * to list all spells.
Aiming: Slow (safe; 22% risk of failure)
Press: ? - help, Shift-Dir - straight line, f - hobgoblin
Aim: a hobgoblin, wielding a +0 club (moderately wounded, chance to defeat MR: 53%)
You miscast Slow.
You feel a bit tired. The hobgoblin hits you with a +0 club.
You die...

....########.#.#.#.##.....# #.##.
.##.# #.#.#.#.##.##.## #.##.
.##.# #.#.#.#.......####.##.
.##.########.#.#.#.#..#..........
.......(.....#.#...#..#..........
...................#..#..........
.##.##...................#.##..#.
.##.##.##.######.#...............
.##.##.##.# #@g...............
.##.##.##.# ###.#.##..###.##..#.
.##.##.##.####...#.##..###.##..#.
.##.........................#..#.
.##.##.##.####...................
.##.##.##.# ###.#.##..###..####.
.##.##.##.# #.#.##..###..####.
.##.......# #.................
.#####.#### #.#.##..###..####.


You could see a hobgoblin.

Vanquished Creatures
  3 bats (D:1)
  A giant cockroach (D:1)
  4 hobgoblins (D:1)
  6 frilled lizards (D:1)
  3 kobolds (D:1)
  4 rats (D:1)
21 creatures vanquished.

Vanquished Creatures (collateral kills)
  A bat (D:1)
1 creature vanquished.

Grand Total: 22 creatures vanquished

Notes
Turn   | Place    | Note
-------+----------+-------------------------------------------
     0 | D:1      | Error4North the Draconian Wizard began the quest for the
                  | Orb.
     0 | D:1      | Reached XP level 1. HP: 14/14 MP: 4/4
   260 | D:1      | Reached XP level 2. HP: 14/20 MP: 3/6
   272 | D:1      | Learned a level 2 spell: Blink
   275 | D:1      | Learned a level 2 spell: Call Imp
   278 | D:1      | Learned a level 2 spell: Slow
  1393 | D:1      | Slain by a hobgoblin

Levels and vault maps discovered:
D:1:      enne_arrival_octagon_isle, layout_basic, minmay_tromino_i2
D:2:      layout_loops_cross, uniq_natasha

Action                   || total
-------------------------++-------
Melee: Unarmed           ||    85
       Tailslap          ||     7
 Cast: Magic Dart        ||    31
       Call Imp          ||     2
       Slow              ||     1
 Stab: Sleeping          ||     1
  Eat: Chunk             ||     1
Armor: Skin              ||    19
Dodge: Dodged            ||    55

Table legend:
 A = Non-vault XP
 B = Vault XP
 C = Vault XP percentage of total XP
 D = Non-vault monster count
 E = Vault monster count
 F = Vault count percentage of total count
                 A         B        C        D         E       F
            +---------+---------+-------+---------+---------+-------
      Total |      26 |       4 |  13.3 |      20 |       2 |   9.1
            +---------+---------+-------+---------+---------+-------
        D:1 |      26 |       4 |  13.3 |      20 |       2 |   9.1
            +---------+---------+-------+---------+---------+-------
